 Dungeon Crawl Stone Soup version 0.29-a0-97-g88c9fad16d (webtiles) character file.

Game seed: 5597794231896560314

837 drugrobin the Spear-Bearer (level 7, -3/53 HPs)
             Began as a Demigod Warper on Feb 13, 2022.
             Slain by a scorpion (5 damage)
             ... on level 4 of the Dungeon.
             The game lasted 00:16:12 (7291 turns).

drugrobin the Spear-Bearer (Demigod Warper)         Turns: 7291, Time: 00:16:12

Health: -3/53      AC:  4    Str: 16    XL:     7   Next: 39%
Magic:  11/12      EV: 11    Int: 15    God:
Gold:   211        SH:  5    Dex: 17    Spells: 4/9 levels left

rFire   . . .      SeeInvis .   c - +2 dagger (venom)
rCold   . . .      Faith    .   x - +1 buckler {rN+}
rNeg    + . .      Spirit   .   h - +0 leather armour
rPois   .          Reflect  .   (no helmet)
rElec   .          Harm     .   (no cloak)
rCorr   +          Rampage  .   q - +0 pair of gloves
Will    .....                   (no boots)
Stlth   +.........              (no amulet)
HPRegen 0.17/turn               r - ring of resist corrosion
MPRegen 0.13/turn               (no ring)

@: no status effects
A: high MP 1, forlorn, divine attributes
a: no special abilities


You were on level 4 of the Dungeon.
You visited 1 branch of the dungeon, and saw 5 of its levels.

You collected 211 gold pieces.

Inventory:

Hand Weapons
 a - a +0 spear
 b - a +0 hunting sling
 c - a +2 dagger of venom (weapon)
Missiles
 d - 5 boomerangs of dispersal
 j - 199 stones
 o - 4 boomerangs (quivered)
 t - 2 poisoned darts
Armour
 g - a +0 chain mail
 h - a +0 leather armour (worn)
 q - a +0 pair of gloves (worn)
 x - a +1 buckler of positive energy (worn)
Jewellery
 i - a ring of fire
 r - a ring of resist corrosion (left hand)
Wands
 u - a wand of digging (4)
Scrolls
 e - a scroll of vulnerability {unknown}
 f - 2 scrolls of magic mapping {unknown}
 s - a scroll of blinking
 v - a scroll of amnesia {unknown}
 w - 3 scrolls of teleportation {unknown}
Potions
 k - 3 potions of curing
 l - a potion of heal wounds
 m - a potion of flight
 n - a potion of haste
 p - a potion of might


   Skills:
 - Level 1.7 Fighting
 + Level 8.2 Polearms
 - Level 0.8 Throwing
 - Level 0.8 Armour
 - Level 1.7 Dodging
 - Level 1.7 Spellcasting
 - Level 2.6 Translocations


You had 4 spell levels left.
You knew the following spells:

 Your Spells              Type           Power      Damage    Failure   Level
a - Blink                 Tloc           18%        N/A       19%         2
b - Teleport Other        Tloc           9%         N/A       36%         3

Your spell library contained the following spells:

 Spells                   Type           Power      Damage    Failure   Level
 Sandblast                Erth           2%         2d4       36%         1
 Gell's Gravitas          Tloc           9%         N/A       36%         3
 Lesser Beckoning         Tloc           9%         N/A       36%         3
 Passwall                 Tmut/Erth      0%         N/A       50%         2
 Stone Arrow              Conj/Erth      2%         3d7       75%         3
 Manifold Assault         Tloc           9%         N/A       98%         5


Dungeon Overview and Level Annotations

Branches:
Dungeon (5/15)
 Temple: D:4-7

Shops:
D:2 :

Annotations:
D:2 Sigmund
D:3 Grinder


Innate Abilities, Weirdness & Mutations

You have an increased reservoir of magic. (+10% MP)
You shall have no god before yourself.
Your divine heritage dramatically boosts your attributes as you level up.


Message History

c - a +2 dagger of venom (weapon)
You hit the scorpion but do no damage. The scorpion stings you.
You barely miss the scorpion.
The scorpion stings you but does no damage. x2
You hit the scorpion.
The scorpion is lightly wounded.
The scorpion stings you!
You are poisoned.
The scorpion poisons you! The iguana closely misses you.
You feel sick.
There is a stone staircase leading up here.
You feel sick. The scorpion stings you.
You are more poisoned.
The scorpion poisons you! The iguana bites you!
You climb upwards.
* * * LOW HITPOINT WARNING * * *
You feel very sick.
There is a stone staircase leading down here.
Casting: Blink (safe; 19% risk of failure)
Confirm with . or Enter, or press ? or * to list all spells.
You blink.
* * * LOW HITPOINT WARNING * * *
You feel very sick.
Unknown command.
* * * LOW HITPOINT WARNING * * *
You feel sick.
* * * LOW HITPOINT WARNING * * *
You feel sick.
You feel sick.
You feel stable enough to blink again.
* * * LOW HITPOINT WARNING * * *
You feel sick.
You feel sick.
The iguana hisses menacingly.
You feel sick.
You feel sick.
You feel sick.
You are no longer poisoned.
The scorpion stings you.
You die...

.#..#.# .#....############
.#.#..##.........#
.#.#.>...........#
.#.#####.........#
.#.#####.........#
.#...............#
.#######.......l.###########
.........#.....s@..........#
########.#.#.#.###########.#
#......#.#.#.#.#........##.#
#.####.#.#.#.#.#.######....#
#.<#..!#.#...#.#.# ######
#..#......####.#.#
#..#...........#.#
...#.............#
...#.............#


You could see a scorpion and an iguana.

Vanquished Creatures
  An orc warrior (D:3)
  Pargi (D:4)
  A necrophage (D:3)
  An ogre (D:4)
  A phantom (D:3)
  A scorpion (D:4)
  A bullfrog skeleton (D:4)
  2 orc priests
  Jessica (D:2)
  Natasha (thrice) (D:3)
  An orc wizard (D:4)
  3 hound skeletons (D:4)
  A gnoll (D:1)
  An adder (D:3)
  An adder skeleton (D:4)
  A worm (D:4)
  A dart slug (D:1)
  10 orcs
  9 bats
  3 endoplasms
  4 giant cockroaches
  6 hobgoblins
  7 jackals
  2 quokkas (D:1)
  5 ball pythons
  3 frilled lizards
  4 goblins
  6 kobolds
81 creatures vanquished.

Notes
Turn   | Place    | Note
-------+----------+-------------------------------------------
     0 | D:1      | drugrobin the Demigod Warper began the quest for the Orb.
     0 | D:1      | Reached XP level 1. HP: 17/17 MP: 5/5
   133 | D:1      | Reached skill level 2 in Polearms
   557 | D:1      | Reached XP level 2. HP: 20/24 MP: 7/7
  1032 | D:1      | Reached skill level 3 in Polearms
  1317 | D:1      | Learned a level 2 spell: Blink
  1689 | D:1      | Reached XP level 3. HP: 12/29 MP: 8/8
  1933 | D:2      | Noticed Sigmund
  2096 | D:2      | Noticed Jessica
  2110 | D:2      | Killed Jessica
  2111 | D:2      | Reached skill level 4 in Polearms
  2284 | D:2      | Found Pathib's Book Emporium.
  2352 | D:2      | You fall into a shaft and drop 2 floors!
  2376 | D:4      | Learned a level 3 spell: Teleport Other
  2445 | D:4      | Reached XP level 4. HP: 33/36 MP: 9/9
  2961 | D:3      | Noticed Grinder
  2961 | D:3      | Noticed a necrophage
  3769 | D:3      | Killed a necrophage
  3770 | D:3      | Reached skill level 5 in Polearms
  3770 | D:3      | Reached XP level 5. HP: 17/41 MP: 10/10
  4158 | D:3      | Noticed Natasha
  4163 | D:3      | Killed Natasha
  4304 | D:3      | Reached skill level 6 in Polearms
  4668 | D:3      | Noticed Natasha
  4675 | D:3      | Killed Natasha
  4676 | D:3      | Reached XP level 6. HP: 44/48 MP: 11/11
  5282 | D:3      | Noticed Natasha
  5297 | D:3      | Killed Natasha
  5879 | D:4      | Reached skill level 7 in Polearms
  6343 | D:3      | Reached XP level 7. HP: 41/53 MP: 10/12
  7090 | D:4      | Noticed Pargi
  7121 | D:4      | Killed Pargi
  7122 | D:4      | Reached skill level 8 in Polearms
  7204 | D:5      | Entered Level 5 of the Dungeon
  7291 | D:4      | HP: 2/53 [poisoned by a scorpion]
  7291 | D:4      | Slain by a scorpion

Illustrated notes

Levels and vault maps discovered:
D:1:      lemuel_arrival_lava_pool, layout_loops_cross,
          hellmonk_ecumenical_altar_crossroads
D:2:      layout_basic, serial_shops, shop, amcnicky_mini_corridor_feature,
          minivault_14, uniq_jessica, uniq_sigmund
D:3:      layout_loops_ring, mainiacjoe_overflow_divided_tiny,
          patterned_corridor, uniq_natasha, uniq_grinder
D:4:      wad_pebble_path, layout_basic, uniq_pargi
D:5:      layout_cave_pods, uniq_prince_ribbit1

Skill      XL: |  1  2  3  4  5  6  7 |
---------------+----------------------+-----
Polearms       | 2 3 4 5 6 7 8 |  8.2
Fighting       | |  1.7
Throwing       | |  0.8
Armour         | |  0.8
Dodging        | |  1.7
Spellcasting   | |  1.7
Translocations | |  2.6

Action                   |  1- 3 |  4- 6 |  7- 9 || total
-------------------------+-------+-------+-------++-------
Melee: Spear             |   183 |   137 |    35 ||   355
       Punch             |     2 |     2 |       ||     4
       Dagger            |       |    72 |    23 ||    95
 Fire: Hunting sling     |       |    19 |     1 ||    20
Throw: Boomerang         |     8 |     9 |    11 ||    28
       Stone             |     3 |       |       ||     3
       Dart              |       |     2 |       ||     2
 Cast: Blink             |       |     7 |     2 ||     9
       Teleport Other    |       |     1 |       ||     1
  Use: Scroll            |       |     7 |       ||     7
 Stab: Sleeping          |       |     1 |       ||     1
Armor: Chain mail        |    81 |       |       ||    81
       Leather armour    |     8 |    45 |    15 ||    68
Dodge: Dodged            |    69 |    95 |    30 ||   194
Block: Buckler           |       |    19 |     6 ||    25

Table legend: (Time is in decaauts)
 A = Elapsed time spent in this place.
 B = Non-inter-level travel time spent in this place.
 C = Inter-level travel time spent in this place.
 D = Time resting spent in this place.
 E = Time spent auto-exploring this place.
 F = Levels seen in this place.
 G = Mean time per level.
                   A        B        C        D        E       F      G
               +--------+--------+--------+--------+--------+-----+--------+
         Total |   7260 |   7032 |    228 |   2994 |   2258 |   5 | 1452.0 |
       Dungeon |   7260 |   7032 |    228 |   2994 |   2258 |   5 | 1452.0 |
               +--------+--------+--------+--------+--------+-----+--------+

Top non-repeatable levels by time:
     D:1: 2254 daAuts
     D:3: 2152 daAuts
     D:4: 1901 daAuts
     D:2: 876 daAuts
     D:5: 76 daAuts
